 Dungeon Crawl Stone Soup version 0.29-a0-371-g91724d5b39 (webtiles) character file.

Game seed: 9966251801787098646

10319 spaghetti the Covert (level 11, -3/89 HPs)
             Began as a Gnoll Delver on May 2, 2022.
             Was a Priest of Dithmenos.
             Slain by a komodo dragon (31 damage)
             ... on level 2 of the Lair of Beasts.
             The game lasted 00:17:55 (9804 turns).

spaghetti the Covert (Gnoll Delver)                 Turns: 9804, Time: 00:17:55

Health: -3/89      AC:  4    Str: 18    XL:     11   Next: 60%
Magic:  20/20      EV: 17    Int:  9    God:    Dithmenos [***...]
Gold:   388        SH:  0    Dex: 20    Spells: 13/22 levels left

rFire   . . .      SeeInvis .   K - +2 short sword (venom) {short}
rCold   . . .      Faith    .   (no shield)
rNeg    . . .      Spirit   .   p - +1 leather armour of Depression {MP+9 Slay+3}
rPois   .          Reflect  .   X - +0 helmet "Asouzyh" {MP-9 Str+6}
rElec   .          Harm     .   i - scarf {shadows}
rCorr   .          Rampage  .   (no gloves)
Will    .....      Rage     1%  (no boots)
Stlth   +++++++...              (no amulet)
HPRegen 0.24/turn               o - ring of wizardry
MPRegen 0.17/turn               z - +4 ring of slaying

@: wreathed by umbra, studying Maces & Flails
A: fangs 1, strong nose, distributed training, hooves 1, agile 1, berserk 1,
deformed body
a: Renounce Religion, Shadow Step


You were on level 2 of the Lair of Beasts.
You worshipped Dithmenos.
Dithmenos was most pleased with you.
You visited 3 branches of the dungeon, and saw 11 of its levels.

You collected 514 gold pieces.
You spent 126 gold pieces at shops.


Innate Abilities, Weirdness & Mutations

You have very sharp teeth.
Your uncanny sense of smell can sniff out nearby items.
Your experience applies equally to all skills.
You have large cloven feet.
You are agile. (Dex +2)
You tend to lose your temper in combat.
Armour fits poorly on your strangely shaped body.


   Skills:
 + Level 9.3 Fighting
 + Level 8.0 Short Blades
 + Level 6.4 Long Blades
 + Level 6.4 Axes
 + Level 8.3 Maces & Flails
 + Level 6.4 Polearms
 + Level 6.4 Staves
 + Level 6.4 Slings
 + Level 6.4 Bows
 + Level 6.4 Crossbows
 + Level 6.4 Throwing
 + Level 6.4 Armour
 + Level 8.0 Dodging
 + Level 11.5 Stealth
 + Level 6.4 Shields
 + Level 6.4 Unarmed Combat
 + Level 6.4 Spellcasting
 + Level 5.3 Conjurations
 + Level 5.3 Hexes
 + Level 5.3 Summonings
 + Level 5.3 Necromancy
 + Level 5.3 Translocations
 + Level 5.3 Transmutations
 + Level 5.3 Fire Magic
 + Level 5.3 Ice Magic
 + Level 5.3 Air Magic
 + Level 5.3 Earth Magic
 + Level 5.3 Poison Magic
 + Level 7.1 Invocations
 + Level 6.4 Evocations


You had 13 spell levels left.
You knew the following spells:

 Your Spells              Type           Power      Damage    Failure   Level
a - Passwall              Tmut/Erth      10%        N/A       1%          2
b - Swiftness             Air            12%        N/A       3%          3
c - Olgreb's Toxic Radia  Pois           12%        N/A       11%         4

Your spell library contained the following spells:

 Spells                   Type           Power      Damage    Failure   Level
 Magic Dart               Conj           48%        1d5       1%          1
 Shock                    Conj/Air       48%        1d6       1%          1
 Sting                    Tmut/Pois      48%        1d5       1%          1
 Call Imp                 Summ           12%        N/A       1%          2
 Corpse Rot               Necr/Air       24%        N/A       1%          2
 Ensorcelled Hibernation  Hex/Ice        24%        N/A       1%          2
 Poisonous Vapours        Pois/Air       24%        N/A       1%          2
 Sublimation of Blood     Necr           12%        N/A       1%          2
 Wereblood                Tmut           12%        N/A       1%          2
 Gell's Gravitas          Tloc           12%        N/A       3%          3
 Lesser Beckoning         Tloc           12%        N/A       3%          3
 Mephitic Cloud           Conj/Pois/Air  12%        N/A       3%          3
 Stone Arrow              Conj/Erth      24%        3d8       3%          3
 Teleport Other           Tloc           12%        N/A       3%          3
 Airstrike                Air            6%         N/A       11%         4
 Fulminant Prism          Conj/Hex       6%         3d7       11%         4
 Hailstorm                Conj/Ice       12%        3d5       11%         4
 Iskenderun's Mystic Bla  Conj/Tloc      12%        2d5       11%         4
 Sticky Flame             Conj/Fire      12%        2d4       11%         4
 Lee's Rapid Deconstruct  Erth           6%         3d7*      28%         5
 Summon Hydra             Summ           6%         N/A       100%        7

Inventory:

Hand Weapons
 a - a +0 short sword {short}
 r - a +2 battleaxe {axe}
   (You took it off a wight on level 8 of the Dungeon)
 w - a +0 vorpal spear {polearm}
   (You found it on level 3 of the Dungeon)
 F - a +0 broad axe of draining {axe}
   (You bought it in a shop on level 4 of the Dungeon)
 J - a +3 dagger {short}
   (You took it off a kobold on level 9 of the Dungeon)
 K - a +2 short sword of venom (weapon) {short}
   (You took it off a kobold on level 9 of the Dungeon)
Missiles
 j - 177 stones (quivered) {throwing}
 C - 45 poisoned darts {throwing}
 T - 6 javelins {throwing}
Armour
 b - a +0 leather armour
 i - a scarf of shadows (worn)
   (You found it on level 5 of the Dungeon)
 p - the +1 leather armour of Depression (worn) {MP+9 Slay+3}
   (You found it on level 5 of the Dungeon)

   Slay:      It affects your accuracy & damage with ranged weapons and melee
   (+3).
   MP:        It affects your magic capacity (+9).
 x - +0 acid dragon scales
   (You found it on level 9 of the Dungeon)
 X - the +0 helmet "Asouzyh" (worn) {MP-9 Str+6}
   (You found it on level 1 of the Lair of Beasts)

   Str:       It affects your strength (+6).
   MP:        It affects your magic capacity (-9).
Jewellery
 o - a ring of wizardry (left hand)
   (You found it on level 5 of the Dungeon)
 t - a ring of wizardry
   (You found it on level 3 of the Dungeon)
 z - a +4 ring of slaying (right hand)
   (You found it on level 3 of the Dungeon)
 A - a ring of ice
   (You found it on level 3 of the Dungeon)
 D - an amulet of guardian spirit
   (You found it on level 2 of the Dungeon)
 H - a ring of positive energy
   (You found it on level 8 of the Dungeon)
 I - a ring of protection from fire
   (You found it on level 9 of the Dungeon)
 L - an amulet of reflection
   (You found it on level 9 of the Dungeon)
 N - a ring of protection from cold
   (You found it on level 9 of the Dungeon)
 R - an amulet of faith {!P}
   (You found it on level 9 of the Dungeon)
 W - an amulet of magic regeneration {@e2}
   (You found it on level 1 of the Lair of Beasts)
Wands
 g - a wand of digging (8)
 s - a wand of flame (12)
   (You took it off a kobold on level 8 of the Dungeon)
 P - a wand of paralysis (11)
   (You found it on level 8 of the Dungeon)
 U - a wand of polymorph (5)
   (You found it on level 1 of the Lair of Beasts)
 V - a wand of acid (3)
   (You found it on level 1 of the Lair of Beasts)
Scrolls
 c - 2 scrolls of fog
 d - a scroll of magic mapping {!r}
 m - a scroll of blinking {!r}
 q - a scroll of noise {!r}
 u - 3 scrolls of enchant armour
 y - 2 scrolls of enchant weapon
 B - 2 scrolls of amnesia
 G - a scroll of vulnerability {!r!r}
 M - 3 scrolls of teleportation {@r4}
 Q - 3 scrolls of identify {@r1}
Potions
 e - a potion of might
 f - 2 potions of haste {@q3}
 h - a potion of magic
 k - a potion of lignification {!q}
 l - 5 potions of brilliance
 n - 2 potions of attraction {!q}
 v - 2 potions of mutation {!q}
 E - a potion of heal wounds {@q2}
 O - a potion of invisibility
 S - a potion of ambrosia {unknown}

Dungeon Overview and Level Annotations

Branches:
Dungeon (9/15)             Temple (1/1) D:4            Lair (2/6) D:9
  Swamp: Lair:2-4    Shoals: Lair:2-4     Snake: Lair:2-4    Spider: Lair:2-4
    Orc: D:9-12

Altars:
Ashenzari
Cheibriados
Dithmenos
Elyvilon
Fedhas
Gozag
Hepliaklqana
Kikubaaqudgha
Makhleb
Nemelex Xobeh
Okawaru
Qazlal
Ru
Sif Muna
Trog
Uskayaw
Vehumet
Wu Jian
Xom
Yredelemnul
Zin
The Shining One

Shops:
D:4 =[:((   D:9 (

Annotations:
D:9 exclusion: door

..............♣ ♣P
P............♣♣ .♣ ♣♣
P...........♣.P♣.♣♣.♣♣.
+...........♣ ♣P♣......
#...........#♣♣...♣≈≈≈≈
............≈≈≈†≈≈≈≈≈≈≈
............≈≈≈≈≈≈≈≈≈≈≈
..........≈≈≈≈≈l≈≈≈≈≈
....P....♣♣♣♣@.♣♣.♣.
......[.♣♣ ♣.♣♣.♣.♣
.#####P## ♣P ♣♣ ♣ ## ♣♣


You could see a komodo dragon (extremely poisoned).


Message History

😕 HP[-2]
You take 2 damage, and now have 80/89 hp.
You feel sick. 😕 HP[-1]
You take 1 damage, and now have 79/89 hp.
Search for what [Enter for "mace", or ? for help]? mace You feel sick.
You feel sick.
You feel sick.
You feel sick.
You feel sick.
You are no longer poisoned.
Key pressed, stopping explore.
Key pressed, stopping explore.
Key pressed, stopping explore.
Done exploring. 😎 HP[+10]
Your hp is fully restored (89).
Done exploring.
(D) Dungeon (T) Temple (L) Lair
Where to? (Enter - D:9, ? - help)
There is a stone staircase leading down here.
You climb downwards.
There is a stone staircase leading up here.
A black mamba is nearby!
Unknown command.
Unknown command.
The helpless black mamba fails to defend itself.
You skewer the black mamba like a kebab!!!
You kill the black mamba!
Dithmenos accepts your kill.
Your Short Blades skill increases to level 8!
Your Dodging skill increases to level 8!
C - 45 poisoned darts {throwing} (gained 4)
You see here a +0 scale mail.
You see here a +0 scale mail.
Key pressed, stopping explore.
You now have 388 gold pieces (gained 18).
You enter the shallow water.
Moving in this stuff is going to be slow.
A wyvern comes into view.
The wyvern hisses angrily.
You hit the wyvern.
The wyvern is poisoned.
Your kick misses the wyvern. Your bite misses the wyvern.
The wyvern misses you.
Your unstable footing causes you to fumble your attack.
The wyvern bites you! 😕 HP[-13]
You take 13 damage, and now have 76/89 hp.
You puncture the wyvern!
The wyvern looks as sick as possible!
You kick the wyvern! You bite the wyvern, but do no damage.
The wyvern closely misses you.
You closely miss the wyvern. You kick the wyvern. The wyvern misses you.
You barely miss the wyvern. You kick the wyvern.
You kill the wyvern!
Dithmenos accepts your kill.
You will now sometimes bleed smoke when heavily injured by enemies. 😕 HP[+1]
You see here a wyvern corpse.
Key pressed, stopping explore.
A dream sheep comes into view. 😎 HP[+12]
Your hp is fully restored (89).
You enter the shallow water.
Moving in this stuff is going to be slow.
A komodo dragon comes into view.
You see here a wyvern corpse.
The komodo dragon hisses angrily.
The helpless dream sheep fails to defend itself.
You skewer the dream sheep like a kebab!!!
You kill the dream sheep!
Dithmenos accepts your kill. The komodo dragon bites you!! 😮 HP[-30]
You take 30 damage, and now have 59/89 hp.
MASSIVE DAMAGE!! (PAUSE)
You barely miss the komodo dragon. You kick the komodo dragon.
You bite the komodo dragon, but do no damage.
The komodo dragon completely misses you.
You hit the komodo dragon.
The komodo dragon is poisoned.
You kick the komodo dragon. You hit the komodo dragon.
The komodo dragon looks as sick as possible!
You kick the komodo dragon, but do no damage.
The komodo dragon bites you!!
* * * LOW HITPOINT WARNING * * *
😨 HP[-32]
You take 32 damage, and now have 27/89 hp.
MASSIVE DAMAGE!! (PAUSE)
You completely miss the komodo dragon.
You kick the komodo dragon, but do no damage.
The komodo dragon hisses menacingly.
The komodo dragon barely misses you.
You hit the komodo dragon.
The komodo dragon looks as sick as possible!
Your punch misses the komodo dragon.
You bite the komodo dragon, but do no damage.
You puncture the komodo dragon!
The komodo dragon looks as sick as possible!
You kick the komodo dragon! The komodo dragon bites you!!
You die...

Skill      XL: |  1  2  3  4  5  6  7  8  9 10 11 |
---------------+----------------------------------+-----
Stealth        | 10 11 | 11.5
Long Blades    | 1 2 3 4 5 6 |  6.4
Axes           | 1 2 3 4 5 6 |  6.4
Maces & Flails | 1 2 3 5 7 8 |  8.3
Polearms       | 1 2 3 4 5 6 |  6.4
Staves         | 1 2 3 4 5 6 |  6.4
Slings         | 1 2 3 4 5 6 |  6.4
Bows           | 1 2 3 4 5 6 |  6.4
Crossbows      | 1 2 3 4 5 6 |  6.4
Throwing       | 1 2 3 4 5 6 |  6.4
Armour         | 1 2 3 4 5 6 |  6.4
Shields        | 1 2 3 4 5 6 |  6.4
Unarmed Combat | 1 2 3 4 5 6 |  6.4
Spellcasting   | 1 2 3 4 5 6 |  6.4
Invocations    | 1 2 3 4 5 6 7 |  7.1
Evocations     | 1 2 3 4 5 6 |  6.4
Conjurations   | 1 2 3 4 5 |  5.3
Hexes          | 1 2 3 4 5 |  5.3
Summonings     | 1 2 3 4 5 |  5.3
Necromancy     | 1 2 3 4 5 |  5.3
Translocations | 1 2 3 4 5 |  5.3
Transmutations | 1 2 3 4 5 |  5.3
Fire Magic     | 1 2 3 4 5 |  5.3
Ice Magic      | 1 2 3 4 5 |  5.3
Air Magic      | 1 2 3 4 5 |  5.3
Earth Magic    | 1 2 3 4 5 |  5.3
Poison Magic   | 1 2 3 4 5 |  5.3
Short Blades   | 5 6 7 8 |  8.0
Dodging        | 5 6 7 8 |  8.0
Fighting       | 7 8 9 |  9.3

Action                   |  1- 3 |  4- 6 |  7- 9 | 10-12 || total
-------------------------+-------+-------+-------+-------++-------
Melee: Short sword       |     1 |    57 |   236 |   153 ||   447
       Bite              |       |     3 |    29 |    17 ||    49
       Punch             |       |       |     6 |     3 ||     9
       Kick              |       |       |    20 |    68 ||    88
       Dagger            |       |       |       |     3 ||     3
Throw: Stone             |       |       |    11 |    31 ||    42
       Javelin           |       |       |       |     2 ||     2
 Cast: Passwall          |       |       |     2 |       ||     2
Evoke: Wand              |       |    10 |     8 |     6 ||    24
  Use: Potion            |       |     2 |     6 |       ||     8
       Scroll            |       |     4 |    11 |     1 ||    16
 Stab: Sleeping          |     1 |     6 |    28 |     9 ||    44
       Distracted        |       |       |     1 |       ||     1
       Paralysed         |       |       |       |     2 ||     2
Armor: Leather armour    |       |     5 |    24 |    13 ||    42
Dodge: Dodged            |       |    38 |   161 |   105 ||   304

Levels and vault maps discovered:
D:2:      layout_loops_cross
D:3:      layout_rooms, minmay_misc_feat_alley, minmay_misc_feat_x
D:4:      layout_basic, minmay_temple_entry_statues_fountains, serial_shops,
          shop_coins, nicolae_shop_stone, nicolae_shop_hallway_plus,
          nicolae_shop_crystal, nicolae_diamond_shop
D:5:      layout_loops_ring
D:6:      layout_basic, gammafunk_ghost_cemetery, serial_shops, shop,
          nicolae_shop_firing_range
D:7:      layout_gridville, dilly_guarded_unrand_morg
D:8:      layout_rooms, nicolae_qazlal_general_emergency, enter_bailey_3,
          minmay_manual_mares
D:9:      layout_roguey, erik_lair_island, serial_shops, shop_statue
Temple:   mainiacjoe_temple_hex_bubbles
Lair:1:   layout_gridlike, grunt_forest_small_clearings, beast_lair_carwin_10
Lair:2:   layout_regular_city, basic_altar, wad_woods_river_01,
          lemuel_fruit_fields

Notes
Turn   | Place    | Note
-------+----------+-------------------------------------------
     0 | D:5      | Reached skill level 9 in Stealth
     0 | D:5      | spaghetti the Gnoll Delver began the quest for the Orb.
     0 | D:5      | Reached XP level 1. HP: 23/23 MP: 1/1
     0 | D:5      | magus.rc [v1.9.6]
    55 | D:6      | You pick up a book of Burglary and begin reading...
    55 | D:6      | You add the spells Passwall, Ensorcelled Hibernation and
                  | Swiftness to your library.
    56 | D:6      | Noticed an ogre
    58 | D:6      | Killed an ogre
    59 | D:6      | Reached skill level 1 in Long Blades
    59 | D:6      | Reached skill level 1 in Axes
    59 | D:6      | Reached skill level 1 in Maces & Flails
    59 | D:6      | Reached skill level 1 in Polearms
    59 | D:6      | Reached skill level 1 in Staves
    59 | D:6      | Reached skill level 1 in Slings
    59 | D:6      | Reached skill level 1 in Bows
    59 | D:6      | Reached skill level 1 in Crossbows
    59 | D:6      | Reached skill level 1 in Throwing
    59 | D:6      | Reached skill level 1 in Armour
    59 | D:6      | Reached skill level 1 in Shields
    59 | D:6      | Reached skill level 1 in Unarmed Combat
    59 | D:6      | Reached skill level 1 in Spellcasting
    59 | D:6      | Reached skill level 1 in Invocations
    59 | D:6      | Reached skill level 1 in Evocations
    59 | D:6      | Reached XP level 2. HP: 29/29 MP: 1/3
    59 | D:6      | Reached XP level 3. HP: 35/35 MP: 1/4
    59 | D:6      | Reached XP level 4. HP: 41/41 MP: 1/5
   121 | D:6      | Noticed an ogre
   126 | D:6      | Killed an ogre
   127 | D:6      | Reached skill level 1 in Conjurations
   127 | D:6      | Reached skill level 1 in Hexes
   127 | D:6      | Reached skill level 1 in Summonings
   127 | D:6      | Reached skill level 1 in Necromancy
   127 | D:6      | Reached skill level 1 in Translocations
   127 | D:6      | Reached skill level 1 in Transmutations
   127 | D:6      | Reached skill level 1 in Fire Magic
   127 | D:6      | Reached skill level 1 in Ice Magic
   127 | D:6      | Reached skill level 1 in Air Magic
   127 | D:6      | Reached skill level 1 in Earth Magic
   127 | D:6      | Reached skill level 1 in Poison Magic
   127 | D:6      | Reached XP level 5. HP: 47/47 MP: 5/7
   272 | D:5      | HP: 11/47 [poisoned by a scorpion]
   277 | D:5      | HP: 7/47 [poisoned by a scorpion]
   587 | D:5      | Noticed a black bear
   602 | D:5      | Reached skill level 2 in Invocations
   602 | D:5      | Reached XP level 6. HP: 40/53 MP: 8/8
   606 | D:5      | Killed a black bear
   607 | D:5      | Reached skill level 5 in Short Blades
   607 | D:5      | Reached skill level 2 in Long Blades
   607 | D:5      | Reached skill level 2 in Axes
   607 | D:5      | Reached skill level 2 in Maces & Flails
   607 | D:5      | Reached skill level 2 in Polearms
   607 | D:5      | Reached skill level 2 in Staves
   607 | D:5      | Reached skill level 2 in Slings
   607 | D:5      | Reached skill level 2 in Bows
   607 | D:5      | Reached skill level 2 in Crossbows
   607 | D:5      | Reached skill level 2 in Throwing
   607 | D:5      | Reached skill level 2 in Armour
   607 | D:5      | Reached skill level 5 in Dodging
   607 | D:5      | Reached skill level 2 in Shields
   607 | D:5      | Reached skill level 2 in Unarmed Combat
   607 | D:5      | Reached skill level 2 in Spellcasting
   607 | D:5      | Reached skill level 2 in Evocations
  1098 | D:5      | Identified the +1 leather armour of Depression {MP+9
                  | Slay+3}
  1198 | D:4      | Reached XP level 7. HP: 59/59 MP: 10/10
  1293 | D:3      | Reached skill level 7 in Fighting
  1396 | D:4      | Found Uhann's Jewellery Shop.
  1407 | D:4      | Found a staircase to the Ecumenical Temple.
  1415 | Temple   | Entered the Ecumenical Temple
  1592 | Temple   | Became a worshipper of Dithmenos the Shadowed
  1660 | D:3      | You add the spells Sting, Poisonous Vapours and Olgreb's
                  | Toxic Radiance to your library.
  1668 | D:3      | You pick up a book of Blood and begin reading...
  1668 | D:3      | You add the spells Sublimation of Blood, Wereblood and
                  | Summon Hydra to your library.
  1704 | D:3      | Learned a level 2 spell: Passwall
  1708 | D:3      | Learned a level 3 spell: Swiftness
  1713 | D:3      | Learned a level 4 spell: Olgreb's Toxic Radiance
  2581 | D:2      | Reached skill level 2 in Conjurations
  2581 | D:2      | Reached skill level 2 in Hexes
  2581 | D:2      | Reached skill level 2 in Summonings
  2581 | D:2      | Reached skill level 2 in Necromancy
  2581 | D:2      | Reached skill level 2 in Translocations
  2581 | D:2      | Reached skill level 2 in Transmutations
  2581 | D:2      | Reached skill level 2 in Fire Magic
  2581 | D:2      | Reached skill level 2 in Ice Magic
  2581 | D:2      | Reached skill level 2 in Air Magic
  2581 | D:2      | Reached skill level 2 in Earth Magic
  2581 | D:2      | Reached skill level 2 in Poison Magic
  2588 | D:2      | You pick up a book of Displacement and begin reading...
  2588 | D:2      | You add the spells Lesser Beckoning, Gell's Gravitas and
                  | Teleport Other to your library.
  3111 | D:4      | Reached * piety under Dithmenos
  3176 | D:4      | Found Atauq's Antique Weapon Shoppe.
  3179 | D:4      | Found Kikhlu Latsuck's Weapon Shop.
  3182 | D:4      | Bought a glowing broad axe for 126 gold pieces
  3306 | D:4      | You add the spells Stone Arrow, Hailstorm and Sticky Flame
                  | to your library.
  3306 | D:4      | Got the Grimoire of Attacks
  3309 | D:4      | Found Coycvin's Book Emporium.
  3372 | D:4      | Reached skill level 10 in Stealth
  3372 | D:4      | Reached skill level 3 in Invocations
  3386 | D:4      | Reached XP level 8. HP: 67/67 MP: 12/12
  3455 | D:4      | Found Xausk's Armour Emporium.
  3750 | D:5      | Reached skill level 3 in Long Blades
  3750 | D:5      | Reached skill level 3 in Axes
  3750 | D:5      | Reached skill level 3 in Maces & Flails
  3750 | D:5      | Reached skill level 3 in Polearms
  3750 | D:5      | Reached skill level 3 in Staves
  3750 | D:5      | Reached skill level 3 in Slings
  3750 | D:5      | Reached skill level 3 in Bows
  3750 | D:5      | Reached skill level 3 in Crossbows
  3750 | D:5      | Reached skill level 3 in Throwing
  3750 | D:5      | Reached skill level 3 in Armour
  3750 | D:5      | Reached skill level 3 in Shields
  3750 | D:5      | Reached skill level 3 in Unarmed Combat
  3750 | D:5      | Reached skill level 3 in Spellcasting
  3750 | D:5      | Reached skill level 3 in Evocations
  4281 | D:6      | Noticed a wyvern
  4291 | D:6      | Killed a wyvern
  4305 | D:6      | Noticed a skeletal warrior
  4307 | D:6      | Noticed a skeletal warrior
  4307 | D:6      | Noticed a skeletal warrior
  4308 | D:6      | Noticed a skeletal warrior
  4311 | D:6      | HP: 4/67 [skeletal warrior/+0 dire flail (21)]
  4676 | D:7      | Reached skill level 3 in Conjurations
  4676 | D:7      | Reached skill level 3 in Hexes
  4676 | D:7      | Reached skill level 3 in Summonings
  4676 | D:7      | Reached skill level 3 in Necromancy
  4676 | D:7      | Reached skill level 3 in Translocations
  4676 | D:7      | Reached skill level 3 in Transmutations
  4676 | D:7      | Reached skill level 3 in Fire Magic
  4676 | D:7      | Reached skill level 3 in Ice Magic
  4676 | D:7      | Reached skill level 3 in Air Magic
  4676 | D:7      | Reached skill level 3 in Earth Magic
  4676 | D:7      | Reached skill level 3 in Poison Magic
  4676 | D:7      | Reached skill level 4 in Invocations
  4690 | D:7      | You pick up a book of Minor Magic and begin reading...
  4690 | D:7      | You add the spells Magic Dart, Call Imp and Mephitic Cloud
                  | to your library.
  4804 | D:7      | Noticed a wyvern
  4816 | D:8      | You pick up a book of Blasting and begin reading...
  4816 | D:8      | You add the spells Fulminant Prism, Iskenderun's Mystic
                  | Blast and Lee's Rapid Deconstruction to your library.
  4860 | D:8      | Noticed a cyclops
  4870 | D:8      | Reached skill level 6 in Short Blades
  4870 | D:8      | Reached skill level 6 in Dodging
  4870 | D:8      | Reached XP level 9. HP: 71/72 MP: 14/14
  4899 | D:8      | Reached skill level 4 in Maces & Flails
  4926 | D:8      | You pick up a book of Air and begin reading...
  4926 | D:8      | You add the spells Shock and Airstrike to your library.
  4989 | D:8      | Gained mutation: You are clumsy. (Dex -2) [potion of
                  | mutation]
  4989 | D:8      | Gained mutation: You have large cloven feet. [potion of
                  | mutation]
  4990 | D:8      | Lost mutation: You are clumsy. (Dex -2) [potion of
                  | mutation]
  4990 | D:8      | Lost mutation: You have large cloven feet. [potion of
                  | mutation]
  4990 | D:8      | Gained mutation: You tend to lose your temper in combat.
                  | [potion of mutation]
  4990 | D:8      | Gained mutation: Armour fits poorly on your strangely
                  | shaped body. [potion of mutation]
  4990 | D:8      | Gained mutation: You have large cloven feet. [potion of
                  | mutation]
  4990 | D:8      | Gained mutation: You are agile. (Dex +2) [potion of
                  | mutation]
  4995 | D:8      | Reached skill level 4 in Long Blades
  4995 | D:8      | Reached skill level 4 in Axes
  4995 | D:8      | Reached skill level 4 in Polearms
  4995 | D:8      | Reached skill level 4 in Staves
  4995 | D:8      | Reached skill level 4 in Slings
  4995 | D:8      | Reached skill level 4 in Bows
  4995 | D:8      | Reached skill level 4 in Crossbows
  4995 | D:8      | Reached skill level 4 in Throwing
  4995 | D:8      | Reached skill level 4 in Armour
  4995 | D:8      | Reached skill level 4 in Shields
  4995 | D:8      | Reached skill level 4 in Unarmed Combat
  4995 | D:8      | Reached skill level 4 in Spellcasting
  4995 | D:8      | Reached skill level 4 in Evocations
  4999 | D:8      | HP: 10/100 [cyclops (23)]
  5000 | D:8      | Killed a cyclops
  5111 | D:8      | Reached ** piety under Dithmenos
  5327 | D:8      | Found a stormy altar of Qazlal.
  5453 | D:8      | Reached skill level 8 in Fighting
  5545 | D:8      | Reached skill level 5 in Maces & Flails
  5696 | D:9      | Found Lusiodat's Antique Weapon Boutique.
  5745 | D:9      | Reached skill level 5 in Invocations
  5998 | D:9      | Reached skill level 4 in Conjurations
  5998 | D:9      | Reached skill level 4 in Hexes
  5998 | D:9      | Reached skill level 4 in Summonings
  5998 | D:9      | Reached skill level 4 in Necromancy
  5998 | D:9      | Reached skill level 4 in Translocations
  5998 | D:9      | Reached skill level 4 in Transmutations
  5998 | D:9      | Reached skill level 4 in Fire Magic
  5998 | D:9      | Reached skill level 4 in Ice Magic
  5998 | D:9      | Reached skill level 4 in Air Magic
  5998 | D:9      | Reached skill level 4 in Earth Magic
  5998 | D:9      | Reached skill level 4 in Poison Magic
  5998 | D:9      | Reached XP level 10. HP: 61/80 MP: 17/17
  6549 | D:9      | Reached skill level 5 in Long Blades
  6549 | D:9      | Reached skill level 5 in Axes
  6549 | D:9      | Reached skill level 5 in Polearms
  6549 | D:9      | Reached skill level 5 in Staves
  6549 | D:9      | Reached skill level 5 in Slings
  6549 | D:9      | Reached skill level 5 in Bows
  6549 | D:9      | Reached skill level 5 in Crossbows
  6549 | D:9      | Reached skill level 5 in Throwing
  6549 | D:9      | Reached skill level 5 in Armour
  6549 | D:9      | Reached skill level 5 in Shields
  6549 | D:9      | Reached skill level 5 in Unarmed Combat
  6549 | D:9      | Reached skill level 5 in Spellcasting
  6549 | D:9      | Reached skill level 5 in Evocations
  6572 | D:9      | Reached skill level 6 in Maces & Flails
  7159 | D:9      | Found a staircase to the Lair.
  7167 | Lair:1   | Entered Level 1 of the Lair of Beasts
  7231 | Lair:1   | Noticed a cane toad
  7236 | Lair:1   | Killed a cane toad
  7237 | Lair:1   | Reached skill level 7 in Short Blades
  7237 | Lair:1   | Reached skill level 7 in Dodging
  7237 | Lair:1   | Noticed a cane toad
  7246 | Lair:1   | Killed a cane toad
  7503 | Lair:1   | Noticed an eight-headed hydra
  7510 | Lair:1   | Killed an eight-headed hydra
  7511 | Lair:1   | Reached skill level 11 in Stealth
  7511 | Lair:1   | Reached skill level 6 in Invocations
  7567 | Lair:1   | Noticed a four-headed hydra
  7594 | Lair:1   | Reached skill level 7 in Maces & Flails
  7864 | Lair:1   | Killed a four-headed hydra
  7865 | Lair:1   | Reached XP level 11. HP: 87/87 MP: 19/19
  8097 | Lair:1   | Identified the +0 helmet "Asouzyh" {MP-9 Str+6}
  8108 | Lair:1   | Reached skill level 9 in Fighting
  8108 | Lair:1   | Reached skill level 6 in Long Blades
  8108 | Lair:1   | Reached skill level 6 in Axes
  8108 | Lair:1   | Reached skill level 6 in Polearms
  8108 | Lair:1   | Reached skill level 6 in Staves
  8108 | Lair:1   | Reached skill level 6 in Slings
  8108 | Lair:1   | Reached skill level 6 in Bows
  8108 | Lair:1   | Reached skill level 6 in Crossbows
  8108 | Lair:1   | Reached skill level 6 in Throwing
  8108 | Lair:1   | Reached skill level 6 in Armour
  8108 | Lair:1   | Reached skill level 6 in Shields
  8108 | Lair:1   | Reached skill level 6 in Unarmed Combat
  8108 | Lair:1   | Reached skill level 6 in Spellcasting
  8108 | Lair:1   | Reached skill level 6 in Evocations
  8115 | Lair:1   | Reached skill level 5 in Conjurations
  8115 | Lair:1   | Reached skill level 5 in Hexes
  8115 | Lair:1   | Reached skill level 5 in Summonings
  8115 | Lair:1   | Reached skill level 5 in Necromancy
  8115 | Lair:1   | Reached skill level 5 in Translocations
  8115 | Lair:1   | Reached skill level 5 in Transmutations
  8115 | Lair:1   | Reached skill level 5 in Fire Magic
  8115 | Lair:1   | Reached skill level 5 in Ice Magic
  8115 | Lair:1   | Reached skill level 5 in Air Magic
  8115 | Lair:1   | Reached skill level 5 in Earth Magic
  8115 | Lair:1   | Reached skill level 5 in Poison Magic
  8750 | Lair:1   | Reached skill level 8 in Maces & Flails
  9192 | Lair:1   | Reached skill level 7 in Invocations
  9361 | Lair:1   | You pick up a book of Vapours and begin reading...
  9681 | Lair:2   | Reached skill level 8 in Short Blades
  9681 | Lair:2   | Reached skill level 8 in Dodging
  9742 | Lair:2   | Reached *** piety under Dithmenos
  9804 | Lair:2   | Slain by a komodo dragon

Vanquished Creatures
  2 hydras (Lair:1)
  A cyclops (D:8)
  2 black mambas
  5 cane toads (Lair:1)
  6 komodo dragons (Lair:1)
  A troll (D:9)
  A dream sheep (Lair:2)
  3 blink frogs (Lair:1)
  A wraith (D:9)
  3 wyverns
  A steam dragon (D:9)
  An acid dragon (D:9)
  4 water moccasins
  2 black bears
  2 wolves (D:9)
  2 ogres (D:6)
  2 centaurs (D:8)
  2 phantoms (D:4)
  4 kobold brigands
  6 bullfrogs
  A gnoll sergeant (D:8)
  2 necrophages
  4 scorpions
  4 wights
  2 howler monkeys (D:9)
  3 electric eels (D:9)
  2 jellies (D:5)
  7 hounds
  An orc priest (D:3)
  5 iguanas
  2 orc wizards (D:5)
  8 gnolls
  4 adders (D:2)
  2 ufetubi
  5 worms
  2 dart slugs
  7 orcs
  3 endoplasms (D:4)
  A giant cockroach (D:2)
  6 goblins
  4 hobgoblins
  2 jackals (D:3)
  5 quokkas
  2 ball pythons
  4 bats (D:2)
  27 kobolds
  2 rats
168 creatures vanquished.

Vanquished Creatures (others)
  3 fungi
  9 plants (Lair:2)
  2 withered plants (D:6)
14 creatures vanquished.

Grand Total: 182 creatures vanquished

Table legend:
 A = Non-vault XP
 B = Vault XP
 C = Vault XP percentage of total XP
 D = Non-vault monster count
 E = Vault monster count
 F = Vault count percentage of total count
                 A         B        C        D         E       F
            +---------+---------+-------+---------+---------+-------
      Total |   10914 |    3828 |  26.0 |     144 |      24 |  14.3
            +---------+---------+-------+---------+---------+-------
        D:2 |      88 |       0 |   0.0 |      21 |       0 |   0.0
        D:3 |      72 |       0 |   0.0 |      13 |       0 |   0.0
        D:4 |     449 |       0 |   0.0 |      18 |       0 |   0.0
        D:5 |     624 |       0 |   0.0 |      12 |       0 |   0.0
        D:6 |     772 |       0 |   0.0 |      12 |       0 |   0.0
        D:7 |     264 |       0 |   0.0 |       8 |       0 |   0.0
        D:8 |    1549 |     270 |  14.8 |      21 |       7 |  25.0
        D:9 |    1028 |     694 |  40.3 |      22 |       7 |  24.1
     Lair:1 |    5641 |    2393 |  29.8 |      16 |       8 |  33.3
     Lair:2 |     427 |     471 |  52.4 |       1 |       2 |  66.7
            +---------+---------+-------+---------+---------+-------

Illustrated notes

Table legend:
 A = Kills in this place as a percentage of kills in entire the game.
 B = Kills by you in this place as a percentage of kills by you in the entire game.
 C = Kills by friends in this place as a percentage of kills by friends in the entire game.
 D = Other kills in this place as a percentage of other kills in the entire game.
 E = Experience gained in this place as a percentage of experience gained in the entire game.
 F = Experience gained in this place divided by the number of levels of this place that you have seen.
                   A       B       C       D       E      F
               +-------+-------+-------+-------+-------+----------------------
         Total | 100.0 | 100.0 |   N/A |   N/A | 100.0 | 1340.2
       Dungeon |  83.9 |  83.9 |   N/A |   N/A |  39.4 | 726.2
          Lair |  16.1 |  16.1 |   N/A |   N/A |  60.6 | 4466.0
               +-------+-------+-------+-------+-------+----------------------

Table legend: (Time is in decaauts)
 A = Elapsed time spent in this place.
 B = Non-inter-level travel time spent in this place.
 C = Inter-level travel time spent in this place.
 D = Time resting spent in this place.
 E = Time spent auto-exploring this place.
 F = Levels seen in this place.
 G = Mean time per level.
                   A        B        C        D        E       F      G
               +--------+--------+--------+--------+--------+-----+--------+
         Total |   9714 |   9322 |    392 |   2604 |   5221 |  11 |  883.1 |
       Dungeon |   7159 |   6813 |    346 |   1827 |   3702 |   8 |  894.9 |
        Temple |    193 |    177 |     16 |      0 |    172 |   1 |  193.0 |
          Lair |   2361 |   2332 |     29 |    777 |   1347 |   2 | 1180.5 |
               +--------+--------+--------+--------+--------+-----+--------+

Top non-repeatable levels by time:
  Lair:1: 2233 daAuts
     D:9: 1420 daAuts
     D:5: 1244 daAuts
     D:8: 1149 daAuts
     D:4: 876 daAuts
     D:2: 744 daAuts
     D:3: 724 daAuts
     D:6: 535 daAuts
     D:7: 464 daAuts
  Temple: 193 daAuts
  Lair:2: 127 daAuts
